 Dungeon Crawl Stone Soup version 0.30-a0-187-gd9c2deaf24 (webtiles) character file.

Game seed: 1422160394641158391

21977 LnG the Unseen (level 13, -14/72 HPs)
             Began as a Kobold Summoner on Oct 3, 2022.
             Was an Elder of Dithmenos.
             Shot with an arrow by a centaur warrior (15 damage)
             ... on level 13 of the Dungeon.
             The game lasted 00:44:26 (14850 turns).

LnG the Unseen (Kobold Summoner)                   Turns: 14850, Time: 00:44:28

Health: -14/72     AC: 11    Str:  5    XL:     13   Next: 24%
Magic:  20/26      EV: 22    Int: 25    God:    Dithmenos [****..]
Gold:   682        SH:  0    Dex: 22    Spells: 13/30 levels left

rFire   . . .      SeeInvis .    z - +5 rapier of Temperance {vorpal, Int+4}
rCold   + . .      Faith    .    (no shield)
rNeg    . . .      Spirit   .    v - +2 robe {Will+}
rPois   .          Reflect  .    f - +1 hat {Will+}
rElec   .          Harm     .    B - +0 cloak of Beogh's Envy {rC+}
rCorr   .          Rampage  .    y - +0 pair of gloves
Will    ++...                    (no boots) Stlth ***+++++++
                                 (no amulet)
HPRegen 1.12/turn                m - ring of wizardry
MPRegen 0.20/turn                o - +6 ring of dexterity

@: wreathed by umbra
A: small, no large weapons, nightstalker 3, talons 1, iridescent scales 2,
regeneration 1
a: Renounce Religion, Shadow Step


You were on level 13 of the Dungeon.
You worshipped Dithmenos.
Dithmenos was greatly pleased with you.
You visited 2 branches of the dungeon, and saw 14 of its levels.

You collected 960 gold pieces.
You spent 278 gold pieces at shops.

Inventory:

Hand Weapons
 t - a +4 short sword
 u - a +3 dagger of venom
 z - the +5 rapier of Temperance (weapon) {vorpal, Int+4}
   (You found it on level 12 of the Dungeon)

   It inflicts extra damage upon your enemies.
   Int:       It affects your intelligence (+4).
Missiles
 i - a throwing net
Armour
 f - a +1 hat of willpower (worn)
 v - a +2 robe of willpower (worn)
 y - a +0 pair of gloves (worn)
 B - the +0 cloak of Beogh's Envy (worn) {rC+}
   (You bought it in a shop on level 10 of the Dungeon)

   rC:        It protects you from cold.
Jewellery
 j - an amulet of regeneration
 m - a ring of wizardry (left hand)
 o - a +6 ring of dexterity (right hand)
 s - a ring of flight
 I - a ring of see invisible
Wands
 c - a wand of quicksilver (9)
 l - a wand of mindburst (15)
 p - a wand of flame (9)
 w - a wand of iceblast (28)
 x - a wand of polymorph (4)
 E - a wand of charming (2)
 L - a wand of digging (5)
Scrolls
 a - a scroll of silence
 d - 3 scrolls of vulnerability
 k - 3 scrolls of noise
 q - a scroll of immolation
 r - 6 scrolls of teleportation (quivered)
 C - a scroll of identify
 D - 2 scrolls of poison
 F - a scroll of torment
 H - a scroll of brand weapon
 K - a scroll of enchant armour {unknown}
Potions
 b - a potion of magic
 e - 6 potions of flight
 g - a potion of attraction
 h - 4 potions of brilliance
 n - a potion of might
 A - 2 potions of curing
 G - a potion of berserk rage {unknown}
 J - a potion of mutation
 M - a potion of resistance
 N - a potion of heal wounds


   Skills:
 + Level 4.8 Fighting
 + Level 8.9 Short Blades
 + Level 9.0 Dodging
 * Level 18.3 Stealth
 + Level 9.3 Spellcasting
 + Level 0.8 Hexes
 + Level 9.2 Summonings
 + Level 1.8 Ice Magic
 + Level 3.1 Air Magic


You had 13 spell levels left.
You knew the following spells:

 Your Spells              Type           Power      Damage    Failure   Level
a - Summon Small Mammal   Summ           100%       N/A       1%          1
b - Call Imp              Summ           55%        N/A       1%          2
c - Call Canine Familiar  Summ           55%        N/A       1%          3
d - Summon Guardian Gole  Hex/Summ       36%        N/A       1%          3
e - Summon Lightning Spi  Summ/Air       42%        N/A       1%          4
f - Summon Ice Beast      Ice/Summ       39%        N/A       2%          4

Your spell library contained the following spells:

 Spells                   Type           Power      Damage    Failure   Level
 Foxfire                  Conj/Fire      44%        2x1d6     2%          1
 Necrotise                Necr           44%        1d6       2%          1
 Scorch                   Fire           22%        2d6       3%          2
 Frozen Ramparts          Ice            40%        1d7       3%          3
 Dazzling Flash           Conj/Hex       26%        N/A       6%          3
 Ignite Poison            Fire/Tmut/Pois 11%        N/A       6%          3
 Inner Flame              Hex/Fire       13%        N/A       6%          3
 Vampiric Draining        Necr           11%        2d6       6%          3
 Airstrike                Air            13%        2d(2-18)  6%          4
 Summon Mana Viper        Hex/Summ       36%        N/A       8%          5
 Summon Cactus Giant      Summ           27%        N/A       8%          6
 Summon Forest            Summ/Tloc      17%        N/A       9%          5
 Ice Form                 Ice/Tmut       16%        N/A       16%         4
 Anguish                  Hex/Necr       6%         N/A       17%         4
 Animate Dead             Necr           11%        N/A       21%         4
 Flame Wave               Conj/Fire      11%        2d6       21%         4
 Iskenderun's Mystic Bla  Conj/Tloc      11%        2d4       21%         4
 Sticky Flame             Conj/Fire      11%        2d3       21%         4
 Lightning Bolt           Conj/Air       9%         1d22      28%         5
 Agony                    Necr           11%        N/A       50%         5
 Blade Hands              Tmut           5%         N/A       50%         5
 Borgnjor's Vile Clutch   Necr/Erth      5%         N/A       50%         5
 Irradiate                Conj/Tmut      5%         3d13      50%         5
 Death Channel            Necr           5%         N/A       96%         6
 Starburst                Conj/Fire      5%         6d4       96%         6
 Dragon Form              Tmut           5%         N/A       100%        7
 Enfeeble                 Hex            7%         N/A       100%        7
 Ignition                 Fire           5%         3d4       100%        8


Dungeon Overview and Level Annotations

Branches:
Dungeon (13/15)            Temple (1/1) D:6            Lair (0/5) D:8
    Orc (0/2) D:10
 Vaults: D:13-14

Altars:
Ashenzari
Cheibriados
Dithmenos
Elyvilon
Fedhas
Gozag
Hepliaklqana
Kikubaaqudgha
Makhleb
Nemelex Xobeh
Okawaru
Qazlal
Ru
Sif Muna
Trog
Uskayaw
Vehumet
Wu Jian
Xom
Yredelemnul
Zin
The Shining One

Shops:
D:10 *   D:11 *

Annotations:
D:12 1 runed translucent door


Innate Abilities, Weirdness & Mutations

You are small and have problems with some larger weapons.
You are completely attuned to the shadows.
You have sharp toenails.
You are mostly covered in iridescent scales. (AC +4)
Your natural rate of healing is unusually fast.


Message History

The centaur warrior wields a +0 shortbow.
The centaur warrior shoots an arrow.
The arrow closely misses you. The acid dragon misses you. x2
A gargoyle comes into view.
It is wielding a +0 dire flail of distortion.
The centaur warrior shoots an arrow.
The arrow hits you!!
Casting: Summon Ice Beast (dangerous; 2% risk of failure)
Confirm with . or Enter, or press ? or * to list all spells.
An electric hum fills the air.
The acid dragon misses you. x2
The centaur warrior shoots an arrow.
The arrow completely misses you.
The acid dragon attacks as you move away!
The acid dragon misses you.
The acid dragon claws you but does no damage.
The centaur warrior shoots an arrow.
The arrow hits you!! The acid dragon spits acid at you.
The splash of acid hits you!!
* * * LOW HITPOINT WARNING * * *
The centaur warrior shoots an arrow.
The arrow misses you.
Your lightning spire shoots out a bolt of lightning at the acid dragon!
The bolt of electricity hits the acid dragon.
The bolt of electricity hits the gargoyle.
The gargoyle resists.
You hear a shout!
Your lightning spire shoots out a bolt of lightning at the acid dragon!
The bolt of electricity hits the acid dragon!
The acid dragon bites your lightning spire but does no damage.
The acid dragon claws your lightning spire but does no damage.
You see here a potion of heal wounds.
N - a potion of heal wounds The acid dragon spits acid at your lightning spire.
The splash of acid hits your lightning spire!!
Your lightning spire is destroyed!
Your lightning spire disappears in a puff of smoke!
You hear a shout!
Casting: Summon Lightning Spire (dangerous; 1% risk of failure)
Confirm with . or Enter, or press ? or * to list all spells.
The acid dragon roars!
The centaur warrior shoots an arrow.
The arrow hits you!
* * * LOW HITPOINT WARNING * * *
The centaur warrior shoots an arrow.
The arrow hits you!
You die...

#...........#
##..........##
#........<..# ....
##..........# ....
#####......# ....
######.# ....########
#.## .....D..##.#####
#.## ..
..#.9c.@h......######.##
##.##
#######..........##.#.
...# #####...........
#^## #####....... #..#
####.... ##.# ##..# #.##
#..# ##.# ##########..#
##..## ###...........#


You could see a centaur warrior (ally target), an acid dragon (catching breath),
a gargoyle and a friendly wolf (summoned).

Vanquished Creatures
  Nessos (D:12)
  A boulder beetle (D:13)
  3 two-headed ogres
  5 ugly things
  3 cyclopes
  Psyche (D:8)
  2 komodo dragons
  A queen bee (D:8)
  A troll (D:10)
  A hornet (D:10)
  4 slime creatures (D:13)
  2 wraiths (D:12)
  3 shadows
  9 yaks
  A basilisk (D:11)
  Grum (D:8)
  A steam dragon (D:8)
  A vampire mosquito (D:11)
  4 water moccasins
  7 orc warriors
  3 black bears
  7 centaurs
  4 wolves (D:8)
  6 ogres
  A phantom (D:6)
  A kobold brigand (D:9)
  2 bullfrogs (D:7)
  7 scorpions
  2 gnoll sergeants (D:10)
  7 wights
  Dowan (D:4)
  18 killer bees
  A howler monkey (D:8)
  2 orc priests
  4 hounds
  2 iguanas
  6 orc wizards
  7 gnolls
  9 adders
  A shadow imp (D:6)
  A white imp (D:8)
  A worm (D:2)
  2 dart slugs (D:4)
  31 orcs
  6 ball pythons
  10 endoplasms
  4 giant cockroaches
  8 hobgoblins
  3 jackals (D:5)
  14 kobolds
  3 quokkas
  6 bats
  3 frilled lizards
  8 goblins
  2 rats
245 creatures vanquished.

Vanquished Creatures (collateral kills)
  An orc knight (D:13)
  2 unseen horrors
  A troll (D:12)
  Sigmund (D:2)
  9 yaks
  2 wyverns (D:8)
  2 wraiths
  A steam dragon (D:9)
  An acid dragon (D:9)
  A black bear (D:8)
  A sky beast (D:7)
  4 orc warriors
  A wolf (D:8)
  4 ogres
  2 centaurs
  4 kobold brigands
  A necrophage (D:6)
  2 gnoll sergeants
  4 wights
  7 killer bees
  An orc priest (D:12)
  2 orc wizards
  An adder (D:6)
  3 gnolls
  12 orcs
  2 endoplasms
  A giant cockroach (D:4)
  2 hobgoblins (D:1)
  4 kobolds
  A quokka (D:2)
  A ball python (D:1)
  A bat (D:2)
  A frilled lizard (D:1)
  A goblin (D:1)
  3 rats (D:1)
87 creatures vanquished.

Vanquished Creatures (others)
  Duvessa (D:4)
  2 killer bees (D:8)
  An orc (D:8)
  6 fungi (D:8)
  44 plants (D:8)
54 creatures vanquished.

Grand Total: 386 creatures vanquished

Notes
Turn   | Place    | Note
-------+----------+-------------------------------------------
     0 | D:1      | LnG the Kobold Summoner began the quest for the Orb.
     0 | D:1      | Reached XP level 1. HP: 10/10 MP: 3/3
   236 | D:1      | Reached XP level 2. HP: 15/15 MP: 1/5
   239 | D:1      | Learned a level 2 spell: Call Imp
   324 | D:1      | Found a faded altar of an unknown god.
   676 | D:1      | Reached XP level 3. HP: 19/19 MP: 6/6
  1012 | D:1      | Reached skill level 3 in Stealth
  1744 | D:2      | Noticed Sigmund
  1760 | D:2      | Killed Sigmund
  1761 | D:2      | Reached skill level 1 in Short Blades
  1761 | D:2      | Reached skill level 5 in Stealth
  1761 | D:2      | Reached XP level 4. HP: 24/24 MP: 5/8
  1761 | D:2      | Reached XP level 5. HP: 28/28 MP: 5/9
  1761 | D:2      | Reached XP level 6. HP: 33/33 MP: 5/10
  1765 | D:2      | Learned a level 3 spell: Call Canine Familiar
  2281 | D:2      | Identified the +5 sling of World Downfall {venom, rPois
                  | Int+3}
  2328 | D:2      | You fall into a shaft and drop 2 floors!
  2890 | D:3      | Reached skill level 6 in Stealth
  3514 | D:3      | Reached skill level 1 in Fighting
  3561 | D:3      | Found a basalt altar of Yredelemnul.
  4012 | D:4      | Learned a level 3 spell: Summon Guardian Golem
  4162 | D:4      | Reached skill level 7 in Stealth
  4308 | D:4      | Reached XP level 7. HP: 38/38 MP: 11/11
  4480 | D:4      | Noticed Dowan
  4481 | D:4      | Noticed Duvessa
  4484 | D:4      | Killed Dowan
  4734 | D:4      | Killed Duvessa
  4735 | D:4      | Reached skill level 8 in Stealth
  4735 | D:4      | Reached skill level 5 in Summonings
  5162 | D:5      | Entered Level 5 of the Dungeon
  5370 | D:5      | Reached XP level 8. HP: 43/43 MP: 8/13
  5375 | D:5      | Learned a level 4 spell: Summon Lightning Spire
  5446 | D:5      | Identified the +1 leather armour "Mudure" {Will+ Dex+3
                  | Slay+2 SInv}
  5828 | D:5      | Reached skill level 9 in Stealth
  6287 | D:6      | Reached skill level 10 in Stealth
  6588 | D:6      | Found a staircase to the Ecumenical Temple.
  6596 | Temple   | Entered the Ecumenical Temple
  6887 | Temple   | Became a worshipper of Dithmenos the Shadowed
  6987 | D:6      | Reached XP level 9. HP: 32/47 MP: 11/15
  7064 | D:6      | Found a radiant altar of Vehumet.
  7241 | D:6      | Reached skill level 11 in Stealth
  7319 | D:6      | Found an opulent altar of Gozag.
  7653 | D:7      | Found a hazy altar of Hepliaklqana.
  7653 | D:7      | Found a snail-covered altar of Cheibriados.
  7870 | D:7      | Reached skill level 12 in Stealth
  8084 | D:7      | Learned a level 4 spell: Summon Ice Beast
  8223 | D:7      | Found a sacrificial altar of Ru.
  8313 | D:8      | Noticed Psyche
  8316 | D:8      | Killed Psyche
  8317 | D:8      | Reached skill level 5 in Short Blades
  8371 | D:7      | Reached skill level 5 in Spellcasting
  8685 | D:8      | Reached skill level 5 in Dodging
  8691 | D:8      | Reached XP level 10. HP: 41/54 MP: 8/18
  8790 | D:8      | Reached skill level 1 in Air Magic
  8796 | D:8      | Found a staircase to the Lair.
  8798 | D:8      | Gained mutation: Your natural rate of healing is unusually
                  | fast. [potion of mutation]
  8798 | D:8      | Gained mutation: You have sharp toenails. [potion of
                  | mutation]
  8798 | D:8      | Gained mutation: You are partially covered in iridescent
                  | scales. (AC +2) [potion of mutation]
  8798 | D:8      | Gained mutation: You are mostly covered in iridescent
                  | scales. (AC +4) [potion of mutation]
  8920 | D:8      | Reached skill level 13 in Stealth
  9011 | D:8      | Reached * piety under Dithmenos
  9016 | D:8      | Found a broken altar of Ashenzari.
  9214 | D:8      | Noticed Grum
  9227 | D:8      | Killed Grum
 10135 | D:9      | Reached XP level 11. HP: 60/60 MP: 18/21
 10161 | D:9      | Reached ** piety under Dithmenos
 10256 | D:9      | Noticed a green ugly thing
 10266 | D:9      | Reached skill level 14 in Stealth
 10368 | D:9      | Noticed a two-headed ogre
 10372 | D:9      | Killed a two-headed ogre
 10464 | D:9      | Killed a green ugly thing
 10619 | D:9      | Reached skill level 15 in Stealth
 10854 | D:10     | Entered Level 10 of the Dungeon
 11269 | D:10     | Found Vaneff's General Store.
 11274 | D:10     | Bought the +0 cloak of Beogh's Envy {rC+} for 222 gold
                  | pieces
 11348 | D:10     | Noticed a two-headed ogre
 11351 | D:10     | Killed a two-headed ogre
 11416 | D:10     | Found a staircase to the Orcish Mines.
 11552 | D:10     | Reached skill level 16 in Stealth
 11722 | D:10     | Reached *** piety under Dithmenos
 11966 | D:10     | Reached XP level 12. HP: 63/66 MP: 23/23
 12645 | D:11     | Found Ofidil's Serpentskin Sales.
 12657 | D:11     | Bought a scroll of poison for 56 gold pieces
 13150 | D:12     | Reached **** piety under Dithmenos
 13270 | D:12     | Reached skill level 17 in Stealth
 13372 | D:12     | Noticed Nessos
 13377 | D:12     | Reached skill level 1 in Ice Magic
 13504 | D:12     | Killed Nessos
 13642 | D:12     | Found a runed translucent door.
 13722 | D:12     | Identified the +5 rapier of Temperance {vorpal, Int+4}
 14143 | D:13     | Noticed a two-headed ogre
 14147 | D:13     | Killed a two-headed ogre
 14187 | D:13     | Reached XP level 13. HP: 72/72 MP: 21/25
 14397 | D:13     | Reached skill level 18 in Stealth
 14843 | D:13     | Noticed a centaur warrior
 14850 | D:13     | HP: 1/72 [centaur warrior/arrow (17)]
 14850 | D:13     | Shot with an arrow by a centaur warrior

Illustrated notes

Levels and vault maps discovered:
D:1:      denvon_arrival_planthouse, layout_loops_corners,
          hellmonk_ecumenical_altar_slurped_away, nrook_mini_backslash
D:2:      layout_basic, minmay_quadrilaterals, uniq_sigmund
D:3:      layout_basic, lemuel_crystal_altar
D:4:      layout_rooms, kennysheep_generic_room_12, uniq_duvessa
D:5:      layout_basic, serial_corexii_hall, corexii_hall_statues_x,
          chequers_hall_statues_wall_a
D:6:      layout_basic, marbit_many_paths, vehumet_altar_wand_db, temple_statues
D:7:      layout_basic, lemuel_crystal_altar, gammafunk_temple_overflow_elements
D:8:      layout_rooms, nicolae_ashenzari_skybound, minmay_lair_entry_grove,
          nicolae_looking_at_the_future, uniq_grum, uniq_psyche
D:9:      layout_cave_pools
D:10:     layout_irregular_city, kennysheep_orc_monster_closet_entryway,
          serial_shops, nicolae_shop_crystal
D:11:     layout_rooms, st_stairs_12, guppyfry_shop_venom
D:12:     layout_cave_pools, special_room [special_room_orc],
          grunt_decor_clamped, lightli_church_of_beogh, uniq_nessos
D:13:     layout_cave_pods, david_vaults_4
Temple:   nicolae_temple_bog_church

Skill      XL: |  1  2  3  4  5  6  7  8  9 10 11 12 13 |
---------------+----------------------------------------+-----
Stealth        | 5 7 8 10 12 13 16 17 18 | 18.3
Short Blades   | 1 2 3 5 6 7 8 |  8.9
Dodging        | 3 4 5 6 7 8 9 |  9.0
Spellcasting   | 3 4 5 7 8 9 |  9.3
Fighting       | 1 2 3 4 |  4.8
Summonings     | 5 6 7 8 9 |  9.2
Air Magic      | 1 2 3 |  3.1
Ice Magic      | 1 |  1.8
Hexes          | |  0.8

Action                   |  1- 3 |  4- 6 |  7- 9 | 10-12 | 13-15 || total
-------------------------+-------+-------+-------+-------+-------++-------
Melee: Unarmed           |    10 |       |       |       |       ||    10
       Dagger            |   101 |    62 |   140 |   488 |       ||   791
       Punch             |     2 |     2 |     1 |     9 |       ||    14
       Short sword       |       |    77 |    17 |       |       ||    94
       Kick              |       |       |       |   173 |    12 ||   185
       Rapier            |       |       |       |     3 |    31 ||    34
 Cast: Summon Small Mamm |    12 |       |     3 |       |       ||    15
       Call Imp          |     9 |     3 |     8 |     7 |       ||    27
       Call Canine Famil |       |       |    18 |    40 |     3 ||    61
       Summon Guardian G |       |       |     5 |       |       ||     5
       Summon Lightning  |       |       |     2 |    26 |     2 ||    30
       Summon Ice Beast  |       |       |       |    13 |     2 ||    15
  Use: Scroll            |     1 |     5 |     7 |    11 |       ||    24
       Potion            |       |       |     5 |     6 |       ||    11
 Stab: Sleeping          |    13 |    26 |    24 |    30 |     5 ||    98
       Distracted        |       |     1 |       |    14 |       ||    15
       Invisible         |       |       |       |     3 |       ||     3
Armor: Robe              |     8 |    15 |    30 |   101 |     2 ||   156
Dodge: Dodged            |    89 |    78 |   141 |   542 |    18 ||   868

Table legend: (Time is in decaauts)
 A = Elapsed time spent in this place.
 B = Non-inter-level travel time spent in this place.
 C = Inter-level travel time spent in this place.
 D = Time resting spent in this place.
 E = Time spent auto-exploring this place.
 F = Levels seen in this place.
 G = Mean time per level.
                   A        B        C        D        E       F      G
               +--------+--------+--------+--------+--------+-----+--------+
         Total |  14653 |  13885 |    768 |   1958 |   8690 |  14 | 1046.6 |
       Dungeon |  14319 |  13602 |    717 |   1958 |   8422 |  13 | 1101.5 |
        Temple |    334 |    283 |     51 |      0 |    268 |   1 |  334.0 |
               +--------+--------+--------+--------+--------+-----+--------+

Top non-repeatable levels by time:
     D:8: 1503 daAuts
     D:3: 1483 daAuts
     D:1: 1418 daAuts
    D:10: 1283 daAuts
     D:2: 1197 daAuts
     D:4: 1193 daAuts
    D:12: 1088 daAuts
     D:6: 1011 daAuts
     D:7: 1006 daAuts
     D:5: 828 daAuts
     D:9: 799 daAuts
    D:11: 754 daAuts
    D:13: 750 daAuts
  Temple: 334 daAuts
